 Dungeon Crawl Stone Soup version 0.29.1-13-g9f3cf754e1 (webtiles) character file.

Game seed: 1497236009231453425

1253 hbarley the Cleaver (level 8, -1/70 HPs)
             Began as a Hill Orc Fighter on Jan 30, 2023.
             Was an Initiate of Elyvilon.
             Slain by an orc warrior
             ... wielding a +0 halberd
              (3 damage)
             ... on level 6 of the Dungeon.
             The game lasted 00:19:08 (5747 turns).

hbarley the Cleaver (Hill Orc Fighter)              Turns: 5747, Time: 00:19:09

Health: -1/70      AC: 11    Str: 19    XL:     8   Next: 51%
Magic:  0/8        EV: 10    Int:  8    God:    Elyvilon [......]
Gold:   297        SH:  0    Dex: 12    Spells: 7/7 levels left

rFire   . . .      SeeInvis +   a - +0 war axe
rCold   . . .      Faith    .   c - +0 buckler
rNeg    . . .      Spirit   +   b - +0 scale mail
rPois   .          Reflect  .   t - +1 helmet
rElec   .          Harm     .   k - +0 cloak
rCorr   .          Rampage  .   (no gloves)
Will    .....                   (no boots)
Stlth   ..........              o - amulet of guardian spirit
HPRegen 0.21/turn               u - ring of see invisible
MPRegen 0.11/turn               (no ring)

@: confused
A: no striking features
a: Renounce Religion


You were on level 6 of the Dungeon.
You worshipped Elyvilon.
Elyvilon was noncommittal.
You visited 2 branches of the dungeon, and saw 7 of its levels.

You collected 297 gold pieces.

Inventory:

Hand Weapons
 a - a +0 war axe (weapon)
Armour
 b - a +0 scale mail (worn)
 c - a +0 buckler (worn)
 k - a +0 cloak (worn)
 t - a +1 helmet (worn)
Jewellery
 o - an amulet of guardian spirit (around neck)
 u - a ring of see invisible (left hand)
 x - an amulet of the acrobat
Wands
 v - a wand of flame (37)
Scrolls
 e - 2 scrolls of immolation {unknown}
 g - 4 scrolls of identify {unknown}
 l - 3 scrolls of teleportation {unknown}
 n - 3 scrolls of enchant armour {unknown}
 q - 2 scrolls of acquirement {unknown}
 r - a scroll of enchant weapon {unknown}
 s - 2 scrolls of vulnerability {unknown}
 y - a scroll of fear {unknown}
 B - a scroll of noise {unknown}
Potions
 f - 4 potions of flight {unknown}
 h - 4 potions of haste {unknown}
 i - a potion of invisibility {unknown}
 j - 3 potions of cancellation {unknown}
 m - 2 potions of magic {unknown}
 p - a potion of lignification {unknown}
 w - a potion of attraction {unknown}
 z - 2 potions of heal wounds {unknown}
 A - 2 potions of curing {unknown}


   Skills:
 + Level 5.8 Fighting
 + Level 9.4 Axes
 + Level 5.9 Armour
 + Level 1.9 Dodging
 + Level 4.5 Shields
 + Level 1.0 Evocations


You had 7 spell levels left.
You didn't know any spells.
Your spell library contained the following spells:

 Spells                   Type           Power      Damage    Failure   Level
 Slow                     Hex            0%         N/A       83%         1
 Ensorcelled Hibernation  Hex/Ice        0%         N/A       93%         2
 Confusing Touch          Hex            0%         N/A       99%         3
 Dazzling Flash           Conj/Hex       0%         N/A       99%         3
 Ozocubu's Armour         Ice            0%         N/A       99%         3
 Spider Form              Tmut/Pois      0%         N/A       99%         3
 Vampiric Draining        Necr           0%         2d6       99%         3
 Anguish                  Hex/Necr       0%         N/A       100%        4
 Agony                    Necr           0%         N/A       100%        5
 Metabolic Englaciation   Hex/Ice        0%         N/A       100%        5
 Silence                  Hex/Air        0%         N/A       100%        5
 Simulacrum               Ice/Necr       0%         N/A       100%        6


Dungeon Overview and Level Annotations

Branches:
Dungeon (6/15)             Temple (1/1) D:5

Altars:
Cheibriados
Dithmenos
Elyvilon
Gozag
Hepliaklqana
Kikubaaqudgha
Makhleb
Nemelex Xobeh
Ru
Sif Muna
Trog
Uskayaw
Vehumet
Wu Jian
Xom
The Shining One

Annotations:
D:5 2 runed translucent doors, Crazy Yiuf; shadowmeld's ghost, novice DjTm
D:6 Eustachio


Message History

You slash the steam dragon!
You are engulfed in a cloud of scalding steam.
You block the steam dragon's attack.
The steam dragon claws you but does no damage.
The orc warrior hits you with a +0 halberd!
You hit the orc warrior but do no damage.
The orc warrior is heavily wounded.
You hit the steam dragon.
You are engulfed in a cloud of scalding steam.
The steam dragon completely misses you. The steam dragon closely misses you.
The orc warrior hits you with a +0 halberd!
* * * LOW HITPOINT WARNING * * *
The orc warrior closely misses you.
You slash the orc wizard!
The orc wizard is severely wounded.
You hit the steam dragon but do no damage.
The orc wizard points at you and mumbles some strange words.
The magic dart hits you.
* * * LOW HITPOINT WARNING * * *
The steam dragon bites you.
* * * LOW HITPOINT WARNING * * *
You block the steam dragon's attack.
The orc warrior hits you from afar with a +0 halberd!
* * * LOW HITPOINT WARNING * * *
The orc wizard casts a spell at you.
You are confused.
The orc warrior hits you from afar with a +0 halberd!!
Elyvilon protects you from harm!
The steam dragon bites you but does no damage.
The steam dragon misses you.
You miss the orc wizard.
The orc wizard is severely wounded.
You hit the steam dragon but do no damage.
The orc wizard closely misses you. The orc warrior barely misses you.
The steam dragon barely misses you. The steam dragon closely misses you.
You bump into the rock wall.
The orc wizard mumbles some strange words.
The orc wizard flickers and vanishes for a moment.
The orc warrior hits you from afar with a +0 halberd.
You die...

##.#.......####.#
#####...#####.## #...
#.......# ###.####..#
#######..##...# #.....##...
#..........##.###.....##..#
#.###..............†......#
#.###.#..#.##.##...≈≈≈≈≈...
#...#.#..#.......≈≈≈≈####..
#._...#.oo@.....≈≈≈### .##
#...#.##.#D###.≈≈≈≈ ##≈
#.##.....no##..≈≈≈≈ #≈
#.###.#...o...≈≈≈≈≈ #≈ #.#
###..#.##.##### ≈≈≈ #.#
#..#.# .. ≈≈≈ #.. .......
## ≈≈ #.. ....>..## ≈
#.##.##..###


You could see a steam dragon, an orc warrior, a necrophage, an orc wizard
(invisible) and 2 orcs.

Vanquished Creatures
  Grinder (D:3)
  A black bear (D:4)
  2 centaurs (D:5)
  3 scorpions (D:5)
  A necrophage (D:5)
  A jelly (D:5)
  3 hounds
  Jessica (D:3)
  4 orc wizards
  Ijyb (D:3)
  3 iguanas
  5 gnolls
  10 adders
  A worm (D:2)
  4 dart slugs
  7 orcs
  9 endoplasms
  3 giant cockroaches
  6 hobgoblins
  A jackal (D:3)
  6 quokkas
  4 ball pythons
  7 bats
  3 frilled lizards
  4 goblins
  6 kobolds
  6 rats
103 creatures vanquished.

Notes
Turn   | Place    | Note
-------+----------+-------------------------------------------
     0 | D:1      | hbarley the Hill Orc Fighter began the quest for the Orb.
     0 | D:1      | Reached XP level 1. HP: 19/19 MP: 1/1
   145 | D:1      | Reached XP level 2. HP: 15/27 MP: 2/2
   428 | D:1      | Found a faded altar of an unknown god.
   443 | D:1      | Got Plato's Essays on Execration
   719 | D:1      | Reached skill level 3 in Axes
   719 | D:1      | Reached XP level 3. HP: 25/33 MP: 3/3
  1491 | D:2      | Reached skill level 4 in Axes
  1569 | D:2      | Reached XP level 4. HP: 40/40 MP: 4/4
  2076 | D:3      | HP: 1/40 [gnoll/+0 whip (3)]
  2078 | D:3      | Reached XP level 5. HP: 2/47 MP: 0/5
  2529 | D:3      | Noticed Grinder
  2537 | D:3      | Paralysed by Grinder for 3 turns
  2558 | D:3      | Killed Grinder
  2559 | D:3      | Reached skill level 6 in Axes
  2559 | D:3      | Reached XP level 6. HP: 47/53 MP: 4/6
  2685 | D:3      | Found a shimmering altar of Xom.
  2738 | D:3      | Noticed Jessica
  2742 | D:3      | Killed Jessica
  2921 | D:3      | Identified the +1 quarterstaff of the End of Times {vorpal,
                  | rElec Int+4}
  2929 | D:3      | Noticed Ijyb
  2943 | D:3      | Killed Ijyb
  3236 | D:4      | Noticed a black bear
  3250 | D:4      | Killed a black bear
  3251 | D:4      | Reached skill level 1 in Dodging
  3251 | D:4      | Reached XP level 7. HP: 45/60 MP: 3/7
  3259 | D:4      | Reached skill level 7 in Axes
  3469 | D:4      | Found a sparkling altar of Nemelex Xobeh.
  3531 | D:4      | Reached skill level 5 in Armour
  3867 | D:4      | Reached skill level 5 in Fighting
  3867 | D:4      | Reached skill level 1 in Evocations
  4092 | D:5      | Entered Level 5 of the Dungeon
  4107 | D:5      | Found a runed translucent door.
  4111 | D:5      | Noticed shadowmeld's ghost (novice DjTm)
  4226 | D:5      | Reached skill level 8 in Axes
  4298 | D:5      | Reached XP level 8. HP: 50/68 MP: 6/8
  4695 | D:5      | Found a staircase to the Ecumenical Temple.
  4707 | Temple   | Entered the Ecumenical Temple
  4809 | Temple   | Became a worshipper of Elyvilon the Healer
  4955 | D:5      | Reached skill level 9 in Axes
  4985 | D:5      | Found a hazy altar of Hepliaklqana.
  5013 | D:5      | Found a faded altar of an unknown god.
  5152 | D:5      | Found a runed translucent door.
  5153 | D:5      | Noticed Crazy Yiuf
  5282 | D:6      | Noticed Eustachio
  5706 | D:6      | Found an opulent altar of Gozag.
  5745 | D:6      | HP: 1/70 [orc warrior/+0 halberd (7)]
  5745 | D:6      | Elyvilon protects you from harm!
  5747 | D:6      | Slain by an orc warrior

Illustrated notes

Levels and vault maps discovered:
D:1:      onia_arrival_mini_maze_b, layout_loops_ring,
          shapermc_ecumenical_altar_rom_forum, minmay_misc_feat_four_crosses
D:2:      layout_basic
D:3:      layout_loops_ring, xom_confusion_cloud, minivault_24,
          minmay_door_square, uniq_ijyb, uniq_grinder, uniq_jessica
D:4:      layout_basic, nicolae_overflow_crystal_walls
D:5:      layout_basic, beargit_hepliaklqana_dungeon_heroes,
          minmay_temple_entry_slanted, ebering_ghost_sewer_d,
          uniq_crazy_yiuf_cottage
D:6:      layout_loops_ring, nicolae_gozag_seed_capital,
          gammafunk_temple_overflow_pools, portal_sewer_entry_e,
          grunt_decor_junction, serial_bayou_crossing, uniq_eustachio
Temple:   nicolae_temple_godzebo

Skill      XL: |  1  2  3  4  5  6  7  8 |
---------------+-------------------------+-----
Axes           | 3 4 6 8 9 |  9.4
Fighting       | 4 5 |  5.8
Armour         | 4 5 |  5.9
Shields        | 4 |  4.5
Dodging        | 1 |  1.9
Evocations     | 1 |  1.0

Action                   |  1- 3 |  4- 6 |  7- 9 || total
-------------------------+-------+-------+-------++-------
Melee: War axe           |    87 |   122 |   181 ||   390
Evoke: Wand              |       |     3 |       ||     3
  Use: Potion            |       |     1 |     1 ||     2
Armor: Scale mail        |    34 |    77 |   147 ||   258
Dodge: Dodged            |    33 |    75 |   109 ||   217
Block: Buckler           |    20 |    33 |    49 ||   102
